cohdb
Replays
Latest Replays
All Replays
Popular Replays
Top Player Replays
Match Explorer
How It Works
Community
CoH3 Stats
Reddit
Sign in to upload your games and track your stats! →
Sign in with Steam
Match 42521998
Unlisted
Match 42521998
Overview
Messages
Build Orders
End
Kradschützen Motorcycle Team
Selects Armored Support Battlegroup
Panzergrenadier Squad
Panzergrenadier Squad
Panzergrenadier Squad
Construct Light Support Kompanie
Fire Support Elements
Panzerjäger Mechanized Group
Flakvierling Half-track
2.5-tonne Medical Truck
Vehicle Survival Package
Selects Veteran Gunners
Selects Salvage Kits
Construct Panzerarmee Kommand
Veteran Squad Leaders
Panzer III L Medium Tank
Selects Flammpanzer III Medium Tank
Selects Command Panzer IV F Medium Tank
Panzer III L Medium Tank
Command Panzer IV F Medium Tank
Emergency Repair Kits
(502) Bad Gateway
Treat
0
0
Comments
sign in to comment!
No comments posted yet!